 Dungeon Crawl Stone Soup version 0.20-a0-1017-gc3250ce (webtiles) character file.

107 roguesci the Ducker (level 4, 0/37 HPs)
             Began as a Draconian Warper on Apr 16, 2017.
             Succumbed to Sigmund's poison
             ... on level 2 of the Dungeon.
             The game lasted 00:22:41 (3760 turns).

roguesci the Ducker (Draconian Warper)              Turns: 3760, Time: 00:22:42

Health: 0/37       AC:  5    Str: 14    XL:     4   Next: 56%
Magic:  7/8        EV: 13    Int: 17    God:
Gold:   170        SH:  0    Dex: 11    Spells: 2/9 levels left

rFire    . . .     SeeInvis .     - Unarmed
rCold    . . .     Gourm    .   (no shield)
rNeg     . . .     Faith    .   (armour unavailable)
rPois    .         Spirit   .   (helmet restricted)
rElec    .         Reflect  .   (no cloak)
rCorr    .         Harm     .   (no gloves)
MR       .....     Rnd*Tele +   (no boots)
Stlth    ++........             (no amulet)
Regen    0.2/turn               f - +4 ring of intelligence
MPRegen  0.2/turn               x - ring of teleportation (curse)

@: lethally poisoned (0 -> -17), shrouded (expiring)
A: unfitting armour, cold-blooded, AC +5
a: no special abilities


You were on level 2 of the Dungeon.
You were hungry.

You visited 1 branch of the dungeon, and saw 3 of its levels.

You collected 170 gold pieces.

Inventory:

Hand Weapons
 r - a +0 hunting sling
 t - a +0 hunting sling
 u - a +0 hunting sling
 w - a +4 dagger
Missiles
 c - 5 tomahawks of dispersal (quivered)
 h - 4 sling bullets
 s - 77 stones
Jewellery
 f - a +4 ring of intelligence (left hand)
 i - an uncursed ring of protection from cold
 j - an uncursed amulet of faith
 x - a cursed ring of teleportation (right hand)
Wands
 p - a wand of lightning (8/15)
Scrolls
 e - a scroll of enchant weapon {unknown}
 g - a scroll of noise {unknown}
 k - 4 scrolls of identify {unknown}
 l - a scroll of random uselessness {unknown}
 m - a scroll of teleportation
 q - a scroll of remove curse
 v - a scroll of immolation {unknown}
Books
 a - a book of Spatial Translocations

   Spells                             Type                      Level
   a - Blink                          Translocation                2
   b - Shroud of Golubria             Charms/Translocation         2
   c - Lesser Beckoning               Translocation                3
   d - Gell's Gravitas                Translocation                3
   e - Teleport Other                 Translocation                3
   f - Passage of Golubria            Translocation                4
Comestibles
 b - 2 chunks of flesh
 d - a bread ration


   Skills:
 * Level 2.3 Fighting
 - Level 0.8 Throwing
 + Level 3.3 Dodging
 + Level 1.5 Stealth
 - Level 2.0 Unarmed Combat
 - Level 3.1 Spellcasting
 + Level 3.0 Translocations


You had 2 spell levels left.
You knew the following spells:

 Your Spells              Type           Power        Failure   Level  Hunger
a - Shroud of Golubria    Chrm/Tloc      #.........   17%         2    ##.....
b - Blink                 Tloc           N/A          10%         2    ##.....
c - Teleport Other        Tloc           ##......     17%         3    ###....


Dungeon Overview and Level Annotations

Branches:
Dungeon (3/15)

Altars:
Fedhas

Annotations:
D:2 Ijyb
D:3 George's ghost, amateur GnSk; Sigmund


Innate Abilities, Weirdness & Mutations

Your plain brown scales are hard. (AC +5)
You cannot fit into any form of body armour.
You are cold-blooded and may be slowed by cold attacks.


Message History

You feel sick.
You feel sick.
There is a stone staircase leading up here.
You feel sick.
Sigmund is suddenly surrounded by pale blue light.
Sigmund points at you and mumbles some strange words.
The puff of flame hits you!
* * * LOW HITPOINT WARNING * * *
The goblin shouts!
You climb upwards.
Level annotation: Ijyb
* * * LOW HITPOINT WARNING * * *
You feel very sick.
There is a stone staircase leading down here.
You aren't carrying any potions.
As you read the scroll labeled OMNATA TITHOR, it crumbles to dust.
It is a scroll of enchant armour.
You aren't carrying any armour which can be enchanted further.
Your shroud begins to fray at the edges.
You die...

#####################.#
#...............#
#.#############.##
##'#### ####..# #.....#
#.≈.≈.# #.....# #.≈≈.≈#
#.....# ##.≈_≈.#
#.....######..≈≈≈.#
#)@..........≈.....
#.....#########.###
#.....# #....
##'############....
#.)...............
##############....
#.).. #.... ##...


There were no monsters in sight!

Vanquished Creatures
  A gnoll (D:1)
  An adder (D:2)
  A worm (D:2)
  6 dart slugs
  2 leopard geckos
  A giant cockroach (D:2)
  13 goblins
  8 hobgoblins
  8 jackals
  6 kobolds
  2 ball pythons
  5 bats
  8 frilled lizards
  5 rats
67 creatures vanquished.

Notes
Turn   | Place    | Note
-------+----------+-------------------------------------------
     0 | D:1      | roguesci the Draconian Warper began the quest for the Orb.
     0 | D:1      | Reached XP level 1. HP: 17/17 MP: 3/3
   424 | D:1      | Reached XP level 2. HP: 24/24 MP: 5/5
   712 | D:1      | Learned a level 2 spell: Shroud of Golubria
   715 | D:1      | Learned a level 2 spell: Blink
   845 | D:1      | Reached XP level 3. HP: 22/29 MP: 4/7
  1166 | D:2      | Found a blossoming altar of Fedhas.
  1234 | D:2      | Reached skill level 1 in Stealth
  1628 | D:2      | Learned a level 3 spell: Teleport Other
  1809 | D:2      | Reached XP level 4. HP: 34/36 MP: 5/8
  2152 | D:2      | Noticed Ijyb
  3336 | D:3      | Noticed a bullfrog
  3578 | D:3      | Noticed Sigmund
  3579 | D:3      | Noticed George's ghost (amateur GnSk)
  3759 | D:2      | HP: 1/37 [poisoned by Sigmund]
  3760 | D:2      | Succumbed to Sigmund's poison

Vault maps used:
D:1:      dpeg_arrival_lava_altar
D:2:      kennysheep_goblin_castle, fedhas_altar_2
D:3:      kennysheep_six_static_rooms, kennysheep_generic_room_8, uniq_iyjb,
          uniq_sigmund, uniq_natasha

Skill      XL: |  1  2  3  4 |
---------------+-------------+-----
Stealth        | 1 |  1.5
Spellcasting   | 3 |  3.1
Dodging        | 3 |  3.3
Fighting       | |  2.3
Throwing       | |  0.8
Unarmed Combat | |  2.0
Translocations | |  3.0

Action                   |  1- 3 |  4- 6 || total
-------------------------+-------+-------++-------
Melee: Unarmed           |   190 |   123 ||   313
       Tailslap          |    24 |    16 ||    40
       Punch             |     3 |       ||     3
 Cast: Shroud of Golubri |    14 |    19 ||    33
       Teleport Other    |       |     9 ||     9
       Blink             |       |     1 ||     1
  Use: Potion            |     1 |     3 ||     4
       Scroll            |       |     4 ||     4
 Stab: Sleeping          |     2 |       ||     2
  Eat: Chunk             |     4 |     5 ||     9
       Fruit             |       |     3 ||     3
Armor: Skin              |    36 |    36 ||    72
Dodge: Dodged            |   101 |    91 ||   192
